[Event "47th GRE-chT 2019"]
[Site "Patra"]
[Date "2019.07.05"]
[Round "5.17"]
[White "Kyriakidou, Chrysa"]
[Black "Tsivelekidou, Anthoula Elpida"]
[Result "0-1"]
[ECO "A46"]
[WhiteElo "1338"]
[BlackElo "1298"]
[Annotator "NA RC"]
[PlyCount "112"]
[EventDate "2019.07.02"]
[EventCountry "GRE"]
[SourceTitle "playchess.com"]
[Source "ChessBase"]
[SourceQuality "1"]
[TimeControl "5400+30"]

1. d4 e6 2. Bf4 c5 3. e3 Nf6 4. Nf3 Qb6 5. Na3 a6 6. Nc4 Qd8 7. Nd6+ Bxd6 8. Bxd6 cxd4 9. exd4 Qb6 10. Ba3 Nc6 11. c3 Nd5 12. Bc4 Nce7 13. O-O d6 14. Re1 O-O 15. Ng5 Nf6 16. Qf3 Rd8 17. Re3 Qc6 18. Qe2 Ng6 19. g3 b5 20. Bd3 Bb7 21. Ne4 Ne8 22. Qf3 Nc7 23. Ng5 Qxf3 24. Nxf3 Nd5 25. Ree1 Nxc3 26. bxc3 Bxf3 27. Re3 Bd5 28. h4 Ne7 29. g4 Nc8 30. f4 Nb6 31. Kf2 Rac8 32. Rae1 Bxa2 33. f5 Bd5 34. Bb4 Nc4 35. Bxc4 Bxc4 36. Ra1 Rc6 37. Kg3 Bd5 38. Kf4 Kf8 39. Ra5 Re8 40. g5 exf5 41. Rxe8+ Kxe8 42. Kxf5 Kd7 43. h5 Be6+ 44. Kf4 Ke7 45. Ra1 Bc8 46. Re1+ Kd7 47. Ra1 Rc7 48. Ke4 Bb7+ 49. Kf5 Rc8 50. Re1 Ra8 51. Ra1 Re8 52. h6 gxh6 53. gxh6 Re6 54. Kg5 Rg6+ 55. Kh5 Bf3+ 56. Kh4 Rxh6+ 0-1

[Event "47th GRE-chT 2019"]
[Site "Patra"]
[Date "2019.07.05"]
[Round "5.17"]
[White "Nikolaki, Dimitria"]
[Black "Kaliontzaki, Argyro Evanthia"]
[Result "0-1"]
[ECO "A46"]
[WhiteElo "1323"]
[BlackElo "1324"]
[Annotator "NA RC"]
[PlyCount "134"]
[EventDate "2019.07.02"]
[EventCountry "GRE"]
[SourceTitle "playchess.com"]
[Source "ChessBase"]
[SourceQuality "1"]
[TimeControl "5400+30"]

1. d4 Nf6 2. Nf3 e6 3. Bf4 c5 4. e3 cxd4 5. exd4 b6 6. Bd3 Bb7 7. Nbd2 Be7 8. h3 O-O 9. O-O d6 10. Bg3 Re8 11. Re1 a6 12. a4 Bf8 13. Bf1 Nbd7 14. a5 b5 15. c4 Bc6 16. d5 exd5 17. Nd4 Rxe1 18. Qxe1 Qc7 19. cxb5 Bxb5 20. Bxb5 axb5 21. Nxb5 Qc5 22. Qf1 Rb8 23. Nc3 Qb4 24. Qd3 Nc5 25. Qe2 d4 26. Nce4 Nfxe4 27. Nxe4 d3 28. Qe3 Qxe4 29. Qxe4 Nxe4 30. Bf4 Nc5 31. Be3 Nb3 32. Rd1 Nxa5 33. Rxd3 Rxb2 34. Rc3 Rb8 35. Bf4 f6 36. Rd3 Rd8 37. Rd5 Nc6 38. Kf1 Kf7 39. Ke2 Ke6 40. Rd3 d5 41. Re3+ Kf7 42. Kd3 Bd6 43. Bxd6 Rxd6 44. Re1 d4 45. Rb1 Ne5+ 46. Kd2 d3 47. Rc1 Rc6 48. Rxc6 Nxc6 49. Kxd3 Ke6 50. Ke4 f5+ 51. Kf4 Kf6 52. h4 Ne5 53. g3 Nd3+ 54. Ke3 Nc5 55. f3 g5 56. hxg5+ Kxg5 57. Kd4 f4 58. g4 Nd7 59. Kd3 Nf6 60. Ke2 Nxg4 61. fxg4 Kxg4 62. Kf2 h5 63. Kg2 h4 64. Kh2 h3 65. Kg1 f3 66. Kh1 f2 67. Kh2 Kf3 0-1

[Event "47th GRE-chT 2019"]
[Site "Patra"]
[Date "2019.07.05"]
[Round "5.18"]
[White "Spyropoulos, Nikolaos"]
[Black "Nikolakis, Panagiotis Marios"]
[Result "0-1"]
[ECO "B84"]
[WhiteElo "2404"]
[BlackElo "1911"]
[Annotator "NA RC"]
[PlyCount "80"]
[EventDate "2019.07.02"]
[EventCountry "GRE"]
[SourceTitle "playchess.com"]
[Source "ChessBase"]
[SourceQuality "1"]
[TimeControl "5400+30"]

1. e4 c5 2. Nf3 d6 3. d4 cxd4 4. Nxd4 Nf6 5. Nc3 a6 6. Be2 e6 7. Be3 Qc7 8. g4 d5 9. exd5 Bb4 10. dxe6 Bxc3+ 11. bxc3 Qxc3+ 12. Kf1 fxe6 13. Rg1 O-O 14. Rg3 Qc7 15. Qd3 Qe5 16. Rd1 Nbd7 17. Nb3 Nd5 18. Bd4 Qg5 19. Be3 Qh4 20. Kg1 Ne5 21. Qe4 Nc3 22. Qxe5 Nxe2+ 23. Kg2 Nxg3 24. hxg3 Qxg4 25. Rd6 Qf3+ 26. Kg1 Qf5 27. Qc3 e5 28. Nc5 Qf3 29. Qc4+ Kh8 30. Qh4 Bf5 31. Nd3 Rae8 32. Bc5 Be4 33. Ne1 Qe2 34. Ng2 Qxc2 35. Be3 Bc6 36. Rd2 Qb1+ 37. Kh2 Qf1 38. Qh3 Qxg2+ 39. Qxg2 Bxg2 40. Kxg2 Rd8 0-1

[Event "47th GRE-chT 2019"]
[Site "Patra"]
[Date "2019.07.05"]
[Round "5.18"]
[White "Tsaknakis, Zisis"]
[Black "Androutsopoulos-Agiotatos, Vasil"]
[Result "1-0"]
[ECO "D02"]
[WhiteElo "2263"]
[BlackElo "2063"]
[Annotator "NA"]
[PlyCount "121"]
[EventDate "2019.07.02"]
[EventCountry "GRE"]
[SourceTitle "playchess.com"]
[Source "ChessBase"]
[SourceQuality "1"]
[TimeControl "5400+30"]

1. Nf3 Nf6 2. g3 g6 3. Bg2 Bg7 4. O-O O-O 5. d4 d5 6. c3 Nbd7 7. Bf4 c6 8. Qc1 Qb6 9. b3 Ne4 10. Bh6 c5 11. Bxg7 Kxg7 12. c4 dxc4 13. Qxc4 Qf6 14. Qc2 Nd6 15. Nc3 cxd4 16. Nd5 Qf5 17. Qxf5 Nxf5 18. g4 Nd6 19. Nxe7 d3 20. Rfd1 Nc5 21. b4 Nce4 22. Nxc8 Rfxc8 23. Rxd3 a5 24. Nd2 Nxd2 25. Rxd2 Nc4 26. Rd7 axb4 27. Rxb7 Ra4 28. Rc1 Nd6 29. Rxc8 Nxc8 30. Bd5 Nd6 31. Rb6 b3 32. axb3 Rxg4+ 33. Kf1 Nf5 34. Rb7 Rd4 35. Rxf7+ Kh6 36. e4 Nd6 37. Re7 Nb5 38. Bg8 Nc3 39. Rxh7+ Kg5 40. Bd5 Rd1+ 41. Kg2 Nxd5 42. exd5 Rxd5 43. Rh3 Rd2 44. Rc3 Rb2 45. Kf3 Kf5 46. Rc5+ Kf6 47. Rb5 Ke6 48. Kg3 Kf6 49. Rb8 Ke6 50. b4 Kf5 51. b5 Rb3+ 52. Kg2 Kf6 53. b6 Rb4 54. Kg3 g5 55. b7 Kg7 56. f3 Kh7 57. h4 gxh4+ 58. Kh3 Kg7 59. f4 Rxf4 60. Rc8 Rf3+ 61. Kxh4 1-0

[Event "47th GRE-chT 2019"]
[Site "Patra"]
[Date "2019.07.05"]
[Round "5.19"]
[White "Koutlas, Nikolaos"]
[Black "Gavriil, Odysseas-Panagiotis"]
[Result "1-0"]
[ECO "A10"]
[WhiteElo "1969"]
[BlackElo "2038"]
[Annotator "NA RC"]
[PlyCount "55"]
[EventDate "2019.07.02"]
[EventCountry "GRE"]
[SourceTitle "playchess.com"]
[Source "ChessBase"]
[SourceQuality "1"]
[TimeControl "5400+30"]

1. c4 b6 2. Nc3 Bb7 3. e4 e5 4. d3 Bc5 5. g3 f5 6. Bg2 Nf6 7. Nf3 d6 8. exf5 Qd7 9. O-O Nc6 10. Ng5 O-O 11. Ne6 Rf7 12. Nd5 Ne8 13. Qh5 Nd4 14. Ng5 Qxf5 15. Be4 g6 16. Qh4 Ne2+ 17. Kh1 Qd7 18. Nxf7 Qxf7 19. Ne7+ Kf8 20. Bh6+ Ng7 21. Bxb7 Re8 22. f4 exf4 23. Bxf4 Rxe7 24. Bg5 Nf5 25. Bxe7+ Kg7 26. Qf6+ Qxf6 27. Bxf6+ Kxf6 28. g4 1-0

[Event "47th GRE-chT 2019"]
[Site "Patra"]
[Date "2019.07.05"]
[Round "5.19"]
[White "Stoimenidis, Dimitrios"]
[Black "Damianou, Ioannis"]
[Result "0-1"]
[ECO "B44"]
[WhiteElo "1586"]
[BlackElo "2154"]
[Annotator "NA"]
[PlyCount "239"]
[EventDate "2019.07.02"]
[EventCountry "GRE"]
[SourceTitle "playchess.com"]
[Source "ChessBase"]
[SourceQuality "1"]
[TimeControl "5400+30"]

1. e4 c5 2. Nf3 e6 3. d4 cxd4 4. Nxd4 Nc6 5. Nb5 d6 6. c4 a6 7. N5c3 Nf6 8. Na3 Be7 9. Be2 O-O 10. O-O b6 11. Be3 Bb7 12. Qb3 Nd7 13. Rfd1 Rb8 14. Rac1 Nc5 15. Qc2 Ne5 16. f4 Ng6 17. g3 Qc7 18. Bf3 Rfe8 19. Qg2 Rbd8 20. Nab1 Qb8 21. Nd2 Bf8 22. Bf2 Ba8 23. Nf1 Rc8 24. h4 Ne7 25. Be3 g6 26. h5 b5 27. b4 Nd7 28. c5 Nc6 29. cxd6 Nxb4 30. e5 Bxf3 31. Qxf3 Red8 32. a3 Nc6 33. hxg6 hxg6 34. Qe4 Na5 35. Rc2 Nc4 36. Bd4 Qa8 37. Qxa8 Rxa8 38. a4 Na3 39. Rb2 Rdb8 40. axb5 axb5 41. Nd2 f6 42. Nce4 fxe5 43. fxe5 Bg7 44. Ng5 Bxe5 45. Bxe5 Nxe5 46. Nxe6 Ra6 47. Ne4 Nac4 48. Rf2 Nd7 49. Nf6+ Nxf6 50. Rxf6 Rxd6 51. Rxd6 Nxd6 52. Nd4 Ne4 53. Rxg6+ Kf7 54. Rg4 Nf6 55. Rf4 Rb6 56. Rf3 b4 57. Rb3 Nd5 58. Nc2 Ke6 59. Nxb4 Nxb4 60. Kg2 Kd5 61. Rb1 Kc4 62. Kf3 Rf6+ 63. Kg4 Nd5 64. Kg5 Rf8 65. Rg1 Kd4 66. g4 Ke4 67. Kg6 Rg8+ 68. Kf7 Rg5 69. Re1+ Ne3 70. Ra1 Nxg4 71. Re1+ Ne3 72. Kf6 Ra5 73. Ke6 Ra6+ 74. Kd7 Kd4 75. Rh1 Kc5 76. Ke7 Nf5+ 77. Kf7 Kd5 78. Rd1+ Nd4 79. Rh1 Ke5 80. Re1+ Kf4 81. Rb1 Nf3 82. Ke7 Ke4 83. Rb4+ Nd4 84. Rb1 Rc6 85. Re1+ Kd5 86. Kf7 Rd6 87. Rd1 Kc6 88. Ra1 Kb6 89. Rb1+ Kc7 90. Ra1 Nc6 91. Rf1 Ne5+ 92. Ke7 Ng6+ 93. Kf7 Kd7 94. Ra1 Ne5+ 95. Kg7 Ke6 96. Ra7 Kf5 97. Ra1 Rd7+ 98. Kf8 Ng4 99. Rf1+ Kg5 100. Ke8 Rh7 101. Kd8 Ne3 102. Ra1 Kf6 103. Ra6+ Ke5 104. Ra1 Nd5 105. Re1+ Kd6 106. Ke8 Nc7+ 107. Kf8 Ne6+ 108. Kg8 Rg7+ 109. Kh8 Rg4 110. Kh7 Ke7 111. Rf1 Nf4 112. Ra1 Kf6 113. Ra8 Rg7+ 114. Kh6 Rg6+ 115. Kh7 Ne6 116. Ra6 Rg1 117. Ra2 Nf8+ 118. Kh8 Ng6+ 119. Kh7 Rh1+ 120. Kg8 0-1

[Event "47th GRE-chT 2019"]
[Site "Patra"]
[Date "2019.07.05"]
[Round "5.20"]
[White "Karamichos, Michail"]
[Black "Dogias, Christos"]
[Result "0-1"]
[ECO "B07"]
[WhiteElo "1559"]
[BlackElo "1409"]
[Annotator "NA RC"]
[PlyCount "100"]
[EventDate "2019.07.02"]
[EventCountry "GRE"]
[SourceTitle "playchess.com"]
[Source "ChessBase"]
[SourceQuality "1"]
[TimeControl "5400+30"]

1. d4 Nf6 2. Bf4 g6 3. Nc3 Bg7 4. e4 d6 5. f3 O-O 6. Bc4 Nbd7 7. Be3 e5 8. d5 Nh5 9. g4 Nf4 10. Qd2 Qg5 11. O-O-O Qf6 12. h4 h5 13. g5 Qd8 14. Bxf4 exf4 15. Qxf4 a6 16. Qd2 b5 17. Be2 Nc5 18. a3 Bd7 19. Nh3 Qb8 20. b4 Nb7 21. Nf2 Qa7 22. Nd3 Qd4 23. Kb2 c6 24. Nc1 Qb6 25. N1a2 c5 26. Kc1 a5 27. f4 axb4 28. axb4 cxb4 29. Nxb4 Qa5 30. Nb1 Qa1 31. c3 Rfc8 32. Kc2 Ra3 33. e5 Bf5+ 34. Bd3 Bxd3+ 35. Kxd3 Rb3 36. Nc6 Nc5+ 37. Ke3 Re8 38. Kf3 dxe5 39. Rc1 e4+ 40. Kg3 e3 41. Qe2 Rb2 42. Rc2 Rxb1 43. Ra2 Rxh1 44. Rxa1 Rxa1 45. d6 Ne4+ 46. Kg2 Nxd6 47. f5 Nxf5 48. Qxb5 e2 49. Nd4 e1=Q 50. Nxf5 gxf5 0-1

[Event "47th GRE-chT 2019"]
[Site "Patra"]
[Date "2019.07.05"]
[Round "5.20"]
[White "Christodoulakis, Michail"]
[Black "Ximinis, Ioannis"]
[Result "0-1"]
[ECO "C01"]
[WhiteElo "1224"]
[BlackElo "1156"]
[Annotator "NA RC"]
[PlyCount "86"]
[EventDate "2019.07.02"]
[EventCountry "GRE"]
[SourceTitle "playchess.com"]
[Source "ChessBase"]
[SourceQuality "1"]
[TimeControl "5400+30"]

1. e4 e6 2. d4 d5 3. exd5 exd5 4. Nf3 Nc6 5. h3 Bd6 6. Nc3 Nge7 7. Bb5 Bd7 8. O-O a6 9. Ba4 O-O 10. Re1 Re8 11. Bb3 Bb4 12. Bd2 Bxc3 13. bxc3 f6 14. Rb1 Rb8 15. c4 dxc4 16. Bxc4+ Kh8 17. c3 Bf5 18. Rc1 b5 19. Bb3 Na5 20. Bc2 Bxc2 21. Qxc2 Nc4 22. Bf4 Qd7 23. Nd2 Nd5 24. Nxc4 bxc4 25. Be3 h6 26. Bd2 Rec8 27. Be3 f5 28. Rb1 Rb5 29. Rb2 Rcb8 30. Reb1 f4 31. Bd2 f3 32. Rxb5 axb5 33. Qe4 fxg2 34. Kxg2 Re8 35. Qg4 Qc6 36. Kg1 Re6 37. Kf1 Rg6 38. Qc8+ Kh7 39. Qf5 Ne7 40. Qxb5 Qg2+ 41. Ke2 Rb6 42. Qxc4 Rxb1 43. Qd3+ Qg6 0-1

[Event "47th GRE-chT 2019"]
[Site "Patra"]
[Date "2019.07.05"]
[Round "5.21"]
[White "Navara, David"]
[Black "David, Alberto"]
[Result "1-0"]
[ECO "B85"]
[WhiteElo "2734"]
[BlackElo "2553"]
[Annotator "RC"]
[PlyCount "71"]
[EventDate "2019.07.02"]
[EventCountry "GRE"]
[SourceTitle "playchess.com"]
[Source "ChessBase"]
[SourceQuality "1"]
[TimeControl "5400+30"]

1. e4 c5 2. Nf3 e6 3. d4 cxd4 4. Nxd4 a6 5. Be2 Nf6 6. Nc3 Qc7 7. O-O Nc6 8. Be3 Be7 9. f4 d6 10. Qe1 O-O 11. Qg3 Nxd4 12. Bxd4 b5 13. Kh1 Bb7 14. a3 Rad8 15. Rae1 Rfe8 16. Bd3 Rd7 17. Re3 g6 18. Re2 Qd8 19. f5 Nh5 20. Qh3 Bf6 21. Bxf6 Nxf6 22. Qh4 exf5 23. exf5 Rxe2 24. Nxe2 Kg7 25. Nd4 Qe7 26. h3 Nd5 27. Qf2 Qe5 28. Ne6+ Kg8 29. Ng5 Ne3 30. Re1 Re7 31. Nxf7 Kxf7 32. fxg6+ Kg7 33. gxh7 Re8 34. h8=Q+ Kxh8 35. Qh4+ Kg7 36. Qh7+ 1-0

[Event "47th GRE-chT 2019"]
[Site "Patra"]
[Date "2019.07.05"]
[Round "5.22"]
[White "Theodorou, Nikolas"]
[Black "Nikolaidis, Ioannis"]
[Result "0-1"]
[ECO "E11"]
[WhiteElo "2543"]
[BlackElo "2534"]
[Annotator "RC"]
[PlyCount "80"]
[EventDate "2019.07.02"]
[EventCountry "GRE"]
[SourceTitle "playchess.com"]
[Source "ChessBase"]
[SourceQuality "1"]
[TimeControl "5400+30"]

1. d4 Nf6 2. c4 e6 3. g3 Bb4+ 4. Bd2 Be7 5. Bg2 d5 6. Nf3 c6 7. O-O dxc4 8. a4 O-O 9. a5 b5 10. axb6 Qxb6 11. Bc3 Ba6 12. Nbd2 Nbd7 13. Qa4 Bb5 14. Qa2 a5 15. Bxa5 Qb8 16. Qb1 c3 17. bxc3 Bxe2 18. Qxb8 Rfxb8 19. Rfe1 Bd3 20. c4 Ra6 21. Bc7 Rba8 22. Rxa6 Rxa6 23. h3 h6 24. g4 Bb4 25. Re3 Bc2 26. Bf1 Ra7 27. Bg3 Ra1 28. Kg2 c5 29. d5 exd5 30. cxd5 Nxd5 31. Re8+ Kh7 32. Rd8 Bxd2 33. Nxd2 N7f6 34. Rc8 Rd1 35. Nc4 Be4+ 36. f3 Bxf3+ 37. Kxf3 Rxf1+ 38. Bf2 Rh1 39. Kg2 Rc1 40. Rxc5 Nf4+ 0-1

[Event "47th GRE-chT 2019"]
[Site "Patra"]
[Date "2019.07.05"]
[Round "5.23"]
[White "Koutoukidis, Panagiotis"]
[Black "Papadopoulos, Argirios"]
[Result "1-0"]
[ECO "C54"]
[WhiteElo "2344"]
[BlackElo "2222"]
[Annotator "RC"]
[PlyCount "67"]
[EventDate "2019.07.02"]
[EventCountry "GRE"]
[SourceTitle "playchess.com"]
[Source "ChessBase"]
[SourceQuality "1"]
[TimeControl "5400+30"]

1. e4 e5 2. Nf3 Nc6 3. Bc4 Bc5 4. O-O Nf6 5. d3 O-O 6. c3 d6 7. Re1 h6 8. b4 Bb6 9. a4 a5 10. b5 Ne7 11. h3 Ng6 12. Na3 Re8 13. Qb3 Re7 14. Bd2 Nh5 15. d4 Qe8 16. Rad1 Nhf4 17. Bxf4 Nxf4 18. dxe5 dxe5 19. Nxe5 Be6 20. Nd3 Nxd3 21. Rxd3 Bc5 22. Nb1 Bf5 23. Nd2 Bg6 24. Rd5 b6 25. e5 Kh7 26. Ne4 Rd8 27. Nxc5 Rxd5 28. Bxd5 Rxe5 29. Rxe5 Qxe5 30. Nd7 Qd6 31. Bc6 Bf5 32. Qxf7 Qd1+ 33. Kh2 Qd6+ 34. g3 1-0

[Event "47th GRE-chT 2019"]
[Site "Patra"]
[Date "2019.07.05"]
[Round "5.24"]
[White "Liodakis, Konstantinos-Spyros"]
[Black "Nikolaou, Georgios"]
[Result "1-0"]
[ECO "B48"]
[WhiteElo "2212"]
[BlackElo "2202"]
[Annotator "RC"]
[PlyCount "51"]
[EventDate "2019.07.02"]
[EventCountry "GRE"]
[SourceTitle "playchess.com"]
[Source "ChessBase"]
[SourceQuality "1"]
[TimeControl "5400+30"]

1. e4 c5 2. Nf3 e6 3. d4 cxd4 4. Nxd4 Nc6 5. Nc3 Qc7 6. Be3 Nf6 7. Qf3 Ne5 8. Qg3 a6 9. O-O-O h5 10. f4 Nc4 11. Bxc4 Qxc4 12. Rhe1 b5 13. Bg1 Bb7 14. Nf5 O-O-O 15. Nd6+ Bxd6 16. Rxd6 Qb4 17. Rd4 Qe7 18. e5 Ne8 19. a4 Nc7 20. axb5 axb5 21. Qd3 Bc6 22. Rd6 Kb7 23. Qd4 Ra8 24. Ne4 Ra1+ 25. Kd2 Rha8 26. Rxc6 1-0

[Event "47th GRE-chT 2019"]
[Site "Patra"]
[Date "2019.07.05"]
[Round "5.25"]
[White "Hristodoulaki, Antonia"]
[Black "Antova, Gabriela"]
[Result "1-0"]
[ECO "C42"]
[WhiteElo "2033"]
[BlackElo "2257"]
[Annotator "NA"]
[PlyCount "195"]
[EventDate "2019.07.02"]
[EventCountry "GRE"]
[SourceTitle "playchess.com"]
[Source "ChessBase"]
[SourceQuality "1"]
[TimeControl "5400+30"]

1. e4 e5 2. Nf3 Nf6 3. Nxe5 d6 4. Nf3 Nxe4 5. Qe2 Qe7 6. Nc3 Nxc3 7. Qxe7+ Bxe7 8. dxc3 c5 9. Bf4 d5 10. Bb5+ Kf8 11. O-O-O a6 12. Be2 Be6 13. Ng5 Nc6 14. Bf3 Bxg5 15. Bxg5 f6 16. Be3 d4 17. cxd4 cxd4 18. Bxd4 Kf7 19. Bc3 Rhe8 20. Bh5+ g6 21. Bf3 Rac8 22. Rd6 Rc7 23. Rhd1 Ke7 24. a3 Rec8 25. R6d2 Kf7 26. Re1 h5 27. Be4 Re7 28. Rd6 Rd8 29. Bxg6+ Kxg6 30. Rdxe6 Rxe6 31. Rxe6 Rf8 32. Kd2 Kf5 33. Rd6 Rf7 34. Ke3 Ne5 35. Bxe5 Kxe5 36. Rd8 Kf5 37. Rh8 Re7+ 38. Kf3 Kg6 39. Rc8 Rd7 40. Rc5 Re7 41. b4 Re1 42. a4 Rb1 43. c3 b6 44. Rc6 Rb3 45. Ke4 h4 46. Rxb6 Rxc3 47. a5 Rb3 48. Rxa6 Rxb4+ 49. Kf3 Ra4 50. h3 Kf5 51. g3 Ra3+ 52. Kg2 Ra4 53. gxh4 Rxh4 54. Kg3 Ra4 55. Ra8 Kg6 56. a6 Kg7 57. a7 Kh7 58. h4 Kg7 59. h5 Kh7 60. Kf3 Kg7 61. h6+ Kh7 62. Ke3 Ra1 63. Kf4 Ra5 64. Kg4 Rg5+ 65. Kf4 Ra5 66. Ke4 Re5+ 67. Kd4 Ra5 68. Kc4 Ra1 69. Kb5 Ra2 70. Kb6 Rb2+ 71. Kc6 Ra2 72. Kd6 Ra1 73. f4 Ra6+ 74. Ke7 f5 75. Kf7 Ra4 76. Kf6 Ra5 77. Ke6 Ra6+ 78. Kxf5 Ra5+ 79. Kf6 Ra6+ 80. Kg5 Rg6+ 81. Kf5 Ra6 82. Ke5 Ra5+ 83. Kd6 Ra6+ 84. Ke7 Ra1 85. f5 Re1+ 86. Kf6 Ra1 87. Re8 Ra6+ 88. Re6 Ra5 89. Re7+ Kxh6 90. Ke6 Ra6+ 91. Ke5 Ra5+ 92. Kd6 Kg5 93. Rf7 Ra1 94. Kc6 Rc1+ 95. Kb7 Rb1+ 96. Kc8 Rc1+ 97. Kb8 Rb1+ 98. Rb7 1-0

[Event "47th GRE-chT 2019"]
[Site "Patra"]
[Date "2019.07.05"]
[Round "5.26"]
[White "Vozinaki, Anthi - Maria"]
[Black "Chrysogelou, Athanasia-Panagiota"]
[Result "1-0"]
[ECO "B94"]
[WhiteElo "2054"]
[BlackElo "1770"]
[Annotator "NA RC"]
[PlyCount "83"]
[EventDate "2019.07.02"]
[EventCountry "GRE"]
[SourceTitle "playchess.com"]
[Source "ChessBase"]
[SourceQuality "1"]
[TimeControl "5400+30"]

1. e4 c5 2. Nf3 d6 3. d4 cxd4 4. Nxd4 Nf6 5. Nc3 a6 6. Bg5 Nbd7 7. f4 Qc7 8. Qf3 b5 9. O-O-O Bb7 10. Bd3 g6 11. Rhe1 Bg7 12. Nd5 Nxd5 13. exd5 Nf6 14. Nc6 Bxc6 15. dxc6 O-O 16. f5 Rae8 17. h4 d5 18. fxg6 hxg6 19. Bxf6 Bxf6 20. h5 g5 21. Qxd5 Qf4+ 22. Kb1 e6 23. Qc5 Rc8 24. Be4 Bg7 25. g3 Qf6 26. c3 Rfd8 27. c7 Rxd1+ 28. Rxd1 Bf8 29. Qc6 Qe7 30. Rd7 Qe8 31. a3 Be7 32. h6 Kh8 33. Ka2 Bf8 34. h7 Be7 35. g4 Kg7 36. a4 b4 37. cxb4 Bxb4 38. Kb3 a5 39. Qb5 Be7 40. Bb7 Bf6 41. Bxc8 Qxc8 42. Qb8 1-0

[Event "47th GRE-chT 2019"]
[Site "Patra"]
[Date "2019.07.05"]
[Round "5.27"]
[White "Kiousi, Panagiota"]
[Black "Karavitaki, Evaggelia"]
[Result "0-1"]
[ECO "E11"]
[WhiteElo "1895"]
[BlackElo "1681"]
[Annotator "NA RC"]
[PlyCount "82"]
[EventDate "2019.07.02"]
[EventCountry "GRE"]
[SourceTitle "playchess.com"]
[Source "ChessBase"]
[SourceQuality "1"]
[TimeControl "5400+30"]

1. d4 Nf6 2. c4 e6 3. Nf3 Bb4+ 4. Bd2 a5 5. g3 d6 6. Bg2 Nbd7 7. O-O e5 8. Bg5 exd4 9. Nxd4 O-O 10. Qc2 Bc5 11. Rd1 h6 12. Bf4 Bxd4 13. Rxd4 Nc5 14. Rd1 Re8 15. Nc3 Qe7 16. e4 Be6 17. Ne2 Bf5 18. f3 Be6 19. Re1 Nfd7 20. Rad1 Ne5 21. b3 a4 22. Nd4 axb3 23. axb3 Ra6 24. b4 Ncd7 25. c5 dxc5 26. Nb5 Rc6 27. Qb1 cxb4 28. Nd4 Ra6 29. Nf5 Qf6 30. Qxb4 Bxf5 31. exf5 Raa8 32. Qxb7 Nc5 33. Qxc7 Ncd3 34. Bxe5 Nxe5 35. f4 Ng4 36. Rxe8+ Rxe8 37. Qc6 Re1+ 38. Bf1 Qxc6 39. Rxe1 Qc5+ 40. Kg2 Qf2+ 41. Kh3 Qxe1 0-1

[Event "47th GRE-chT 2019"]
[Site "Patra"]
[Date "2019.07.05"]
[Round "5.28"]
[White "Georgakopoulos, Nikolaos K."]
[Black "Katopodis, Dimitrios"]
[Result "0-1"]
[ECO "B11"]
[WhiteElo "2032"]
[BlackElo "2279"]
[Annotator "NA RC"]
[PlyCount "84"]
[EventDate "2019.07.02"]
[EventCountry "GRE"]
[SourceTitle "playchess.com"]
[Source "ChessBase"]
[SourceQuality "1"]
[TimeControl "5400+30"]

1. e4 c6 2. Nc3 d5 3. Nf3 Nf6 4. e5 Ne4 5. d4 Nxc3 6. bxc3 c5 7. Be2 Nc6 8. O-O Bg4 9. Rb1 Qc7 10. c4 dxc4 11. d5 O-O-O 12. Bf4 Be6 13. dxe6 Rxd1 14. Rfxd1 Nd8 15. Bxc4 Nxe6 16. Bxe6+ fxe6 17. Ng5 Qc6 18. Nf7 Rg8 19. Nd8 Qa6 20. Nxb7 g5 21. Nxc5 Qc6 22. Be3 Bg7 23. Nd3 Rd8 24. Bxa7 Rd7 25. Be3 Rb7 26. Rb3 h6 27. Ra3 Qxc2 28. Rf1 Rb1 29. Ne1 Qc4 30. Ra5 Qe2 31. Rc5+ Kd7 32. Rc1 Rxc1 33. Bxc1 Bxe5 34. Nf3 Bd6 35. a3 Bc5 36. Nd2 e5 37. Nb3 Bd4 38. g3 Qc2 39. Nd2 e4 40. Kh1 e3 41. fxe3 Bxe3 42. Nf3 Qe2 0-1

[Event "47th GRE-chT 2019"]
[Site "Patra"]
[Date "2019.07.05"]
[Round "5.29"]
[White "Abelakiotis, Stavros"]
[Black "Patrelakis, Evaggelos"]
[Result "1/2-1/2"]
[ECO "B80"]
[WhiteElo "1959"]
[BlackElo "2209"]
[Annotator "NA"]
[PlyCount "184"]
[EventDate "2019.07.02"]
[EventCountry "GRE"]
[SourceTitle "playchess.com"]
[Source "ChessBase"]
[SourceQuality "1"]
[TimeControl "5400+30"]

1. e4 c5 2. Nf3 d6 3. d4 cxd4 4. Nxd4 Nf6 5. Nc3 a6 6. f3 e6 7. Be3 b5 8. Qd2 Nbd7 9. g4 Nb6 10. a4 Nc4 11. Bxc4 bxc4 12. g5 Nd7 13. f4 Qa5 14. O-O Bb7 15. f5 e5 16. Nde2 Be7 17. Ng3 Nc5 18. Rab1 Qb4 19. f6 gxf6 20. gxf6 Bf8 21. b3 cxb3 22. cxb3 Rc8 23. Rfc1 Rg8 24. Qe2 Nxe4 25. Ncxe4 Rxc1+ 26. Rxc1 Qxe4 27. Kf1 Qd5 28. Rc7 Rg6 29. Qc2 Rxf6+ 30. Ke1 Be7 31. Rxe7+ Kxe7 32. Qc7+ Ke6 33. Bg5 e4 34. Bxf6 Kxf6 35. Qd8+ Kg7 36. Qh4 Qa5+ 37. Ke2 h6 38. Nh5+ Kf8 39. Nf6 Qf5 40. Qxh6+ Ke7 41. Ng8+ Kd7 42. Nf6+ Kc6 43. Qc1+ Kb6 44. a5+ Ka7 45. Qg1+ Kb8 46. Qg8+ Bc8 47. Qd8 Qf3+ 48. Ke1 Qh1+ 49. Ke2 Qxh2+ 50. Ke3 Qh3+ 51. Kxe4 Qxb3 52. Qxd6+ Ka8 53. Qd8 Qb8 54. Kd4 Ka7 55. Qe7+ Bb7 56. Kc5 Qg3 57. Qd8 Qc3+ 58. Kd6 Qa3+ 59. Kd7 Qe3 60. Kd6 Qe6+ 61. Kc5 Qe5+ 62. Kc4 Qb5+ 63. Kc3 Qc5+ 64. Kb3 Qe3+ 65. Kb4 Qf2 66. Kc3 Qe1+ 67. Kb3 Qb1+ 68. Kc3 Qc1+ 69. Kb3 Qc5 70. Kb2 Qb4+ 71. Ka2 Qc4+ 72. Kb2 Qe2+ 73. Kb3 Qe3+ 74. Kb4 Qg1 75. Kc3 Qg3+ 76. Kb2 Qb8 77. Qd4+ Ka8 78. Nd7 Qh2+ 79. Ka1 Qh1+ 80. Kb2 Qg2+ 81. Ka3 Qg3+ 82. Kb2 Qg2+ 83. Ka3 Qf3+ 84. Kb4 Bc8 85. Nb6+ Kb7 86. Nxc8 Kxc8 87. Qc5+ Kb8 88. Qd6+ Kc8 89. Qc5+ Kb8 90. Qd6+ Kc8 91. Qc5+ Kb8 92. Qd6+ Kc8 1/2-1/2

[Event "47th GRE-chT 2019"]
[Site "Patra"]
[Date "2019.07.05"]
[Round "5.30"]
[White "Karavitaki, Antonia"]
[Black "Hartofylakas, Spyros"]
[Result "1/2-1/2"]
[ECO "D31"]
[WhiteElo "1481"]
[BlackElo "1652"]
[Annotator "NA RC"]
[PlyCount "79"]
[EventDate "2019.07.02"]
[EventCountry "GRE"]
[SourceTitle "playchess.com"]
[Source "ChessBase"]
[SourceQuality "1"]
[TimeControl "5400+30"]

1. d4 d5 2. c4 e6 3. Nc3 a6 4. cxd5 exd5 5. Bf4 Nf6 6. e3 h6 7. Bd3 Bd6 8. Bxd6 Qxd6 9. Qc2 O-O 10. Nge2 c5 11. dxc5 Qxc5 12. Nd4 Nc6 13. Nxc6 Qxc6 14. Ne2 Qxc2 15. Bxc2 b6 16. Nd4 Bb7 17. Ke2 g6 18. Rhd1 Nd7 19. g4 Ne5 20. f3 Rac8 21. Rac1 Rfd8 22. h4 Nc6 23. a3 Nxd4+ 24. Rxd4 Rc5 25. Rdd1 Rdc8 26. Kd2 Kf8 27. Bb1 Rxc1 28. Rxc1 Rxc1 29. Kxc1 Ke7 30. Kd2 Kd6 31. Kc3 d4+ 32. Kxd4 Bxf3 33. g5 hxg5 34. hxg5 Bg4 35. e4 Be6 36. b4 b5 37. e5+ Kc6 38. Be4+ Kc7 39. Kc5 Bb3 40. Bc6 1/2-1/2

[Event "47th GRE-chT 2019"]
[Site "Patra"]
[Date "2019.07.05"]
[Round "5.31"]
[White "Balogh, Csaba"]
[Black "Mastrovasilis, Dimitrios"]
[Result "1/2-1/2"]
[ECO "C42"]
[WhiteElo "2587"]
[BlackElo "2589"]
[Annotator "RC"]
[PlyCount "60"]
[EventDate "2019.07.02"]
[EventCountry "GRE"]
[SourceTitle "playchess.com"]
[Source "ChessBase"]
[SourceQuality "1"]
[TimeControl "5400+30"]

1. e4 e5 2. Nf3 Nf6 3. Nxe5 d6 4. Nf3 Nxe4 5. Nc3 Nxc3 6. dxc3 Be7 7. Be3 O-O 8. Qd2 Nd7 9. O-O-O Nf6 10. Bd3 c5 11. Rhe1 Be6 12. Kb1 Qa5 13. c4 Qxd2 14. Bxd2 h6 15. Nh4 Ng4 16. Nf5 Rfe8 17. Nxe7+ Rxe7 18. Re2 Ne5 19. Bc3 f6 20. b3 Nxd3 21. Rxd3 Rd8 22. Red2 Red7 23. h4 Kf7 24. g3 d5 25. cxd5 Rxd5 26. Rxd5 Rxd5 27. Rxd5 Bxd5 28. Kc1 Ke6 29. Kd2 Be4 30. a3 Kd5 1/2-1/2